 Dungeon Crawl Stone Soup version 0.27.0-66-gdc8fb28755 (webtiles) character file.

Game seed: 459434899443661286

6477 LeFou the Grappler (level 10, -23/92 HPs)
             Began as a Troll Fighter on Aug 19, 2021.
             Was an Initiate of Gozag.
             Annihilated by a white ugly thing (27 damage)
             ... on level 10 of the Dungeon.
             The game lasted 00:29:21 (7765 turns).

LeFou the Grappler (Troll Fighter)                  Turns: 7765, Time: 00:29:22

Health: -23/92     AC:  5    Str: 33    XL:     10   Next: 68%
Magic:  0/9        EV:  9    Int:  4    God:    Gozag
Gold:   1237       SH: 10    Dex:  9    Spells: 9/9 levels left

rFire    . . .     SeeInvis +   H - +11 trident of Purpose {freeze, Str+4}
rCold    . . .     Faith    .   b - +0 kite shield
rNeg     + . .     Spirit   +   a - +0 robe
rPois    .         Reflect  .   (helmet restricted)
rElec    .         Harm     .   I - +0 cloak
rCorr    .         Rampage  .   (gloves unavailable)
Will     .....                  (boots unavailable)
Stlth    +.........             y - amulet of guardian spirit
HPRegen  1.25/turn              v - ring of see invisible
MPRegen  0.11/turn              G - ring of positive energy

@: no status effects
A: large, unfitting armour, claws 3, regeneration 1, shaggy fur 1, tough skin 1
a: Renounce Religion, Potion Petition, Call Merchant, Bribe Branch


You were on level 10 of the Dungeon.
You worshipped Gozag.
Gozag was most pleased with you.
You visited 1 branch of the dungeon, and saw 10 of its levels.

You collected 1343 gold pieces.
You paid 106 gold pieces to Gozag.

Inventory:

Hand Weapons
 z - a +1 vorpal flail
 F - a +1 flail of holy wrath
 H - the +11 trident of Purpose (weapon) {freeze, Str+4}
   (You found it on level 7 of the Dungeon)

   It freezes those it strikes, dealing additional cold damage.
   It can also slow down cold-blooded creatures.
   Str:       It affects your strength (+4).
 J - a +5 mace of freezing
Missiles
 k - 68 poisoned darts (quivered)
 l - 6 boomerangs
 m - 198 stones
 n - 38 sling bullets
 o - 50 bolts
Armour
 a - a +0 robe (worn)
 b - a +0 kite shield (worn)
 I - a +0 cloak (worn)
Jewellery
 g - a ring of protection from cold
 v - a ring of see invisible (left claw)
 y - an amulet of guardian spirit (around neck)
 A - a +4 ring of protection
 G - a ring of positive energy (right claw)
Wands
 d - a wand of paralysis (8)
 M - a wand of digging (6)
 Q - a wand of polymorph (5)
Scrolls
 e - 2 scrolls of noise
 p - 2 scrolls of enchant armour
 r - a scroll of summoning
 s - a scroll of fear
 t - a scroll of enchant weapon
 w - 2 scrolls of immolation
 x - a scroll of vulnerability
 B - 2 scrolls of brand weapon
 D - a scroll of teleportation
 E - a scroll of fog
 K - a scroll of silence {unknown}
 N - a scroll of blinking {unknown}
 P - a scroll of acquirement {unknown}
Potions
 c - a potion of might
 f - 2 potions of flight {unknown}
 h - a potion of heal wounds {unknown}
 i - 3 potions of curing {unknown}
 j - a potion of attraction {unknown}
 q - 2 potions of degeneration
 u - 2 potions of resistance
 C - 2 potions of mutation {unknown}
 O - a potion of brilliance {unknown}
Miscellaneous
 L - a lightning rod (inert)
 R - a condenser vane


   Skills:
 + Level 3.7 Fighting
 + Level 0.7(2.9) Maces & Flails
 * Level 4.7(5.5) Polearms
 + Level 4.0(5.2) Staves
 + Level 5.6 Throwing
 + Level 5.0 Dodging
 + Level 1.5 Stealth
 + Level 5.5 Shields
 * Level 9.1 Unarmed Combat
 + Level 0.2 Evocations


You had 9 spell levels left.
You didn't know any spells.
Your spell library contained the following spells:

 Spells                   Type           Power      Damage    Failure   Level
 Freeze                   Ice            0%         1d3       75%         1
 Blink                    Tloc           N/A        N/A       87%         2
 Frozen Ramparts          Ice            0%         1d2       98%         3
 Portal Projectile        Hex/Tloc       0%         N/A       98%         3
 Animate Dead             Necr           0%         N/A       100%        4
 Hailstorm                Conj/Ice       0%         3d3       100%        4
 Leda's Liquefaction      Hex/Erth       0%         N/A       100%        4
 Blade Hands              Tmut           0%         N/A       100%        5
 Bolt of Magma            Conj/Fire/Erth 0%         4d4       100%        5
 Excruciating Wounds      Necr           0%         N/A       100%        5
 Manifold Assault         Tloc           0%         N/A       100%        5
 Statue Form              Tmut/Erth      0%         N/A       100%        6
 Haunt                    Necr/Summ      0%         N/A       100%        7
 Storm Form               Tmut/Air       0%         N/A       100%        7
 Infestation              Necr           0%         N/A       100%        8


Dungeon Overview and Level Annotations

Branches:
Dungeon (10/15)            Temple (0/1) D:5            Lair (0/6) D:9
    Orc (0/2) D:10

Altars:
Gozag
Makhleb
Okawaru
Qazlal
Uskayaw
Xom
Yredelemnul

Shops:
D:1 (


Innate Abilities, Weirdness & Mutations

You are too large for most types of armour.
You have claws for hands.
Your natural rate of healing is unusually fast.
You are covered in fur. (AC +1)
You have tough skin. (AC +1)


Message History

You throw a poisoned dart.
The poisoned dart hits the white ugly thing!
The white ugly thing is poisoned.
The white ugly thing is heavily wounded.
Throw: 70 darts (poison)
Press: ? - help, Q - select action, (/) - cycle Shift-Dir - straight line, f/p - white ugly thing
Aim: a white ugly thing (heavily wounded, very poisoned, 57% to hit)
You throw a poisoned dart.
The poisoned dart barely misses the white ugly thing.
The poisoned dart hits the gargoyle.
Throw: 69 darts (poison)
Press: ? - help, Q - select action, (/) - cycle Shift-Dir - straight line, f/p - white ugly thing
Aim: a white ugly thing (heavily wounded, very poisoned, 57% to hit)
You throw a poisoned dart.
The poisoned dart hits the white ugly thing.
The white ugly thing looks even sicker.
The white ugly thing is heavily wounded.
Aiming: Thunderbolt
Press: ? - help, Shift-Dir - straight line, f/p - white ugly thing
Aim: a white ugly thing (heavily wounded, very poisoned)
The thunderbolt hits the white ugly thing!
The white ugly thing is heavily wounded.
The thunderbolt hits the gargoyle.
The gargoyle completely resists.
Aiming: Thunderbolt
Press: ? - help, Shift-Dir - straight line, f/p - white ugly thing
Aim: a white ugly thing (heavily wounded, very poisoned)
The thunderbolt hits the white ugly thing!!
The white ugly thing is almost dead.
The thunderbolt hits the gargoyle.
The gargoyle resists.
The gargoyle is lightly damaged.
The lightning rod overheats!
You barely miss the white ugly thing.
The white ugly thing is almost dead.
The white ugly thing trunk-slaps you! The white ugly thing freezes you!!
* * * LOW HITPOINT WARNING * * *
The white ugly thing trunk-slaps you!
* * * LOW HITPOINT WARNING * * *
The white ugly thing freezes you!!
You die...
Your body crumbles into a pile of gold.

#####
###################..'#
#.......@u.9...(.(..##...
#######.############# ..
#.# . #.# #.# #.#
#######.##########≈≈☼
#................##°#
#######...........## .


You could see a white ugly thing (very poisoned) and a gargoyle.

Vanquished Creatures
  A two-headed ogre (D:10)
  Pikel (D:9)
  Psyche (D:9)
  A hornet (D:9)
  A troll (D:10)
  Grinder (D:5)
  5 yaks (D:9)
  3 steam dragons (D:8)
  A water moccasin (D:6)
  A sky beast (D:8)
  A hornet zombie (D:8)
  3 orc warriors
  A centaur (D:6)
  2 ogres
  2 bullfrogs (D:8)
  A gnoll sergeant (D:6)
  2 scorpions (D:4)
  17 killer bees
  8 wights (D:8)
  5 howler monkeys
  2 centaur zombies
  A bullfrog zombie (D:7)
  A crimson imp (D:9)
  2 jellies
  8 orc priests
  4 iguanas
  A scorpion zombie (D:5)
  8 orc wizards
  3 hound skeletons (D:4)
  4 gnolls (D:6)
  7 adders
  3 howler monkey skeletons
  A shadow imp (D:6)
  A white imp (D:7)
  An adder skeleton (D:4)
  4 worms (D:2)
  4 dart slugs
  46 orcs
  9 ball pythons
  7 endoplasms
  4 giant cockroaches
  6 goblins
  7 hobgoblins
  13 jackals
  7 kobolds
  4 quokkas
  8 bats
  A frilled lizard (D:1)
  7 rats
232 creatures vanquished.

Vanquished Creatures (others)
  An orc (D:8)
1 creature vanquished.

Grand Total: 233 creatures vanquished

Notes
Turn   | Place    | Note
-------+----------+-------------------------------------------
     0 | D:1      | LeFou the Troll Fighter began the quest for the Orb.
     0 | D:1      | Reached XP level 1. HP: 22/22 MP: 0/0
    31 | D:1      | Reached XP level 2. HP: 21/29 MP: 1/1
   369 | D:1      | Reached XP level 3. HP: 36/36 MP: 2/2
   416 | D:1      | Found Emur's Antique Weapon Boutique.
   826 | D:2      | Reached XP level 4. HP: 44/44 MP: 3/3
  1021 | D:2      | Reached skill level 3 in Unarmed Combat
  1979 | D:3      | Reached XP level 5. HP: 44/52 MP: 4/4
  2027 | D:4      | Reached skill level 1 in Throwing
  2069 | D:4      | Reached skill level 4 in Unarmed Combat
  2196 | D:4      | Reached XP level 6. HP: 59/59 MP: 5/5
  2410 | D:4      | Found an iron altar of Okawaru.
  2689 | D:5      | Entered Level 5 of the Dungeon
  2902 | D:5      | Reached XP level 7. HP: 67/67 MP: 6/6
  2945 | D:5      | Noticed Grinder
  2963 | D:5      | Killed Grinder
  2964 | D:5      | Reached skill level 5 in Unarmed Combat
  3215 | D:5      | Found a staircase to the Ecumenical Temple.
  4033 | D:6      | Reached skill level 6 in Unarmed Combat
  4033 | D:6      | Reached XP level 8. HP: 24/75 MP: 7/7
  4578 | D:7      | Identified the +11 trident of Purpose {freeze, Str+4}
  4788 | D:7      | Found an opulent altar of Gozag.
  4932 | D:7      | Became a worshipper of Gozag Ym Sagoz the Greedy
  5191 | D:7      | Reached skill level 1 in Staves
  5194 | D:7      | Reached skill level 7 in Unarmed Combat
  5216 | D:7      | Identified the +1 ring mail "Usyijuit" {rPois Int+7 Dex-4
                  | SInv}
  5637 | D:8      | Reached XP level 9. HP: 61/83 MP: 5/8
  5747 | D:8      | Reached skill level 1 in Stealth
  5754 | D:8      | Reached skill level 8 in Unarmed Combat
  5834 | D:8      | Reached skill level 5 in Throwing
  5849 | D:8      | Reached skill level 1 in Polearms
  5998 | D:8      | Reached skill level 5 in Shields
  6358 | D:9      | Found a staircase to the Lair.
  6358 | D:9      | Noticed Pikel
  6362 | D:9      | Killed Pikel
  6363 | D:9      | Found a basalt altar of Yredelemnul.
  6365 | D:9      | Found a stormy altar of Qazlal.
  6446 | D:9      | Reached XP level 10. HP: 91/91 MP: 9/9
  6851 | D:9      | Noticed Psyche
  7031 | D:9      | Killed Psyche
  7129 | D:9      | Found a shimmering altar of Xom.
  7129 | D:9      | Found a burning altar of Makhleb.
  7168 | D:9      | Found a hide-covered altar of Uskayaw.
  7345 | D:9      | Reached skill level 9 in Unarmed Combat
  7400 | D:10     | Entered Level 10 of the Dungeon
  7548 | D:10     | Found a staircase to the Orcish Mines.
  7586 | D:10     | Noticed a two-headed ogre
  7591 | D:10     | Killed a two-headed ogre
  7592 | D:10     | Reached skill level 5 in Dodging
  7741 | D:10     | Noticed a white ugly thing
  7741 | D:10     | Noticed a gargoyle
  7765 | D:10     | HP: 4/92 [white ugly thing (13)]
  7765 | D:10     | Annihilated by a white ugly thing

Illustrated notes

Levels and vault maps discovered:
D:1:      amcnicky_arrival_feature_with_door, layout_rooms, serial_shops,
          nicolae_shop_temple_entry_statues_fountains
D:2:      minmay_chambers_of_twos, layout_basic
D:3:      layout_loops_ring, minmay_strange_pillars, kennysheep_nondescript
D:4:      layout_loops_ring, mainiacjoe_overflow_cross_hatched,
          minmay_crossroads
D:5:      layout_basic, minmay_temple_entry_poolview, kennysheep_small_square,
          uniq_grinder
D:6:      layout_cave_pools
D:7:      layout_basic, mainiacjoe_overflow_boulevard, st_stairs_9,
          grunt_decor_one_mirror
D:8:      layout_basic
D:9:      layout_gridville, grunt_temple_overflow_champion_of_chaos,
          mainiacjoe_overflow_concentric_impassable,
          chequers_temple_overflow_statue_of_worship, lair_entry_dummy,
          uniq_psyche, uniq_pikel
D:10:     layout_small_grid, minmay_overflow_temple_star_hex, hiddenorc2_lemuel,
          grunt_ministairs_6, dilly_guarded_unrand_elemental_staff, uniq_urug

Skill      XL: |  1  2  3  4  5  6  7  8  9 10 |
---------------+-------------------------------+-----
Shields        | 3 4 5 |  5.5
Unarmed Combat | 3 4 6 7 8 9 |  9.1
Dodging        | 3 4 5 |  5.0
Throwing       | 1 2 3 4 5 |  5.6
Fighting       | 3 |  3.7
Staves         | 2 3 4 |  4.0
Stealth        | 1 |  1.5
Polearms       | 3 4 |  4.7
Maces & Flails | |  0.7
Evocations     | |  0.2

Action                   |  1- 3 |  4- 6 |  7- 9 | 10-12 || total
-------------------------+-------+-------+-------+-------++-------
Melee: Unarmed           |   105 |   146 |   177 |       ||   428
       Trident           |       |       |    99 |   106 ||   205
Throw: Dart              |       |    60 |    87 |    28 ||   175
       Boomerang         |       |     1 |    11 |     1 ||    13
Evoke: Lightning rod     |       |       |       |     5 ||     5
       Wand              |       |       |       |     2 ||     2
  Use: Scroll            |       |       |    11 |     1 ||    12
 Stab: Sleeping          |       |     1 |       |       ||     1
       Distracted        |       |     1 |     1 |     2 ||     4
       Paralysed         |       |       |       |     4 ||     4
Armor: Robe              |    33 |    30 |    74 |    28 ||   165
Dodge: Dodged            |    34 |    36 |    79 |    43 ||   192
Block: Kite shield       |    50 |    79 |   146 |    48 ||   323
